 Dungeon Crawl Stone Soup version 0.30-a0-6-g7c9e10e132 (webtiles) character file.

Game seed: 14607811307433023687

90 xian the Gusty (level 4, -2/21 HPs)
             Began as a Tengu Air Elementalist on Aug 23, 2022.
             Was a Plaything of Xom.
             Slain by a scorpion (3 damage)
             ... on level 2 of the Dungeon.
             The game lasted 00:04:09 (2057 turns).

xian the Gusty (Tengu Air Elementalist)             Turns: 2057, Time: 00:04:12

Health: -2/21      AC:  2    Str:  6 (9)  XL:     4   Next: 56%
Magic:  4/9        EV: 12    Int: 14 (17) God:    Xom [..*...]
Gold:   48         SH:  4    Dex: 13 (14) Spells: 5/8 levels left

rFire   . . .      SeeInvis .    d - +0 mace
rCold   . . .      Faith    .    (no shield)
rNeg    . . .      Spirit   .    a - +0 robe
rPois   .          Reflect  .    (helmet restricted)
rElec   .          Harm     .    (no cloak)
rCorr   .          Rampage  .    (no gloves)
Will    .....                    (boots unavailable)
Stlth   ++........               (no amulet)
HPRegen 0.07/turn                l - ring of flight
MPRegen 0.11/turn                (no ring)

@: lethally poisoned (-2 -> -3), flying, very slightly contaminated, invisible
A: beak, talons 3, large bone plates 1, frail 1, MP-powered wands
a: Renounce Religion


You were on level 2 of the Dungeon.
You worshipped Xom.
You were a toy of Xom.
You visited 1 branch of the dungeon, and saw 2 of its levels.

You collected 48 gold pieces.

Inventory:

Hand Weapons
 d - a +0 mace (weapon)
Armour
 a - a +0 robe (worn)
 n - a +0 pair of gloves
Jewellery
 l - a ring of flight (left hand)
Scrolls
 c - 2 scrolls of fog {unknown}
 f - a scroll of teleportation {unknown}
 g - a scroll of magic mapping {unknown}
 i - 2 scrolls of poison {unknown}
 j - 2 scrolls of enchant armour {unknown}
 o - a scroll of identify {unknown}
Potions
 b - 2 potions of magic
 e - a potion of might {unknown}
 h - a potion of degeneration
 k - a potion of lignification {unknown}
 m - a potion of mutation
 p - a potion of cancellation {unknown}
 q - a potion of curing {unknown}


   Skills:
 + Level 1.1 Maces & Flails
 + Level 2.5 Dodging
 + Level 2.0 Stealth
 + Level 2.9 Spellcasting
 + Level 2.4 Conjurations
 + Level 5.1 Air Magic


You had 5 spell levels left.
You knew the following spells:

 Your Spells              Type           Power      Damage    Failure   Level
a - Shock                 Conj/Air       48%        1d6       4%          1
b - Static Discharge      Conj/Air       12%        3-5/arc   7%          2

Your spell library contained the following spells:

 Spells                   Type           Power      Damage    Failure   Level
 Swiftness                Air            16%        N/A       8%          3
 Airstrike                Air            8%         2d(2-18)  26%         4
 Conjure Ball Lightning   Conj/Air       6%         3x3d6     100%        6
 Discord                  Hex            1%         N/A       100%        8
 Disjunction              Tloc           1%         N/A       100%        8


Dungeon Overview and Level Annotations

Branches:
Dungeon (2/15)

Altars:
Xom


Innate Abilities, Weirdness & Mutations

You have a beak for a mouth.
You have claws for feet.
You are partially covered in large bone plates. (SH +4)
You are frail. (-10% HP)
You expend magic power (3 MP) to strengthen your wands.


Message History

You closely miss the scorpion.
The scorpion is moderately wounded.
The scorpion barely misses you.
You hit the scorpion.
You claw the scorpion, but do no damage.
Your peck misses the scorpion.
The scorpion is moderately wounded.
The scorpion barely misses you. The scorpion closely misses you.
You barely miss the scorpion. Your peck misses the scorpion.
The scorpion is moderately wounded.
The scorpion stings you.
You are poisoned.
The scorpion poisons you!
You feel very sick.
You feel very sick.
You feel sick.
You are too injured to fight recklessly!
Aiming: Shock (safe; 3% risk of failure)
Press: ? - help, Q - select action, (/) - cycle Shift-Dir - straight line, f - scorpion
Aim: a scorpion (moderately wounded, wandering, unable to see you, hasn't noticed you, 71% to hit)
The zap misses the scorpion.
You feel sick.
* * * LOW HITPOINT WARNING * * *
You feel sick.
You feel sick. The scorpion stings you.
* * * LOW HITPOINT WARNING * * *
It was a potion of mutation.
You feel extremely strange.
Large bone plates grow over parts of your arms.
You feel frail.
You feel your magical essence link to the dungeon's wands.
Xom thinks this is hilarious!
* * * LOW HITPOINT WARNING * * *
You feel sick.
It was a potion of degeneration.
There was something very wrong with that liquid.
You feel weakened.
You feel dopey.
You feel clumsy.
* * * LOW HITPOINT WARNING * * *
You feel sick. The scorpion stings you.
You die...
Xom cackles wildly!

...## #.#.#
##..###.#.#
..).....#.#
###.#####.#
.)........###
###....)..).#
###...##..#.##
..........#..########
###...#.........@...#
...#.##.#####.##s...#
##.#.##.# #.##....#
##.#.##( #..#....#
...#.##. ##.#....#
####.# ......# .#
##....# #....#


You could see a scorpion (unable to see you).

Vanquished Creatures
  Terence (D:2)
  An adder (D:2)
  5 dart slugs
  6 endoplasms
  A giant cockroach (D:1)
  3 hobgoblins (D:1)
  4 jackals (D:1)
  A quokka (D:1)
  4 ball pythons
  3 bats
  3 frilled lizards (D:1)
  4 goblins
  3 kobolds
  5 rats
44 creatures vanquished.

Vanquished Creatures (others)
  5 fungi (D:1)
  A plant (D:1)
6 creatures vanquished.

Grand Total: 50 creatures vanquished

Notes
Turn   | Place    | Note
-------+----------+-------------------------------------------
     0 | D:1      | xian the Tengu Air Elementalist began the quest for the
                  | Orb.
     0 | D:1      | Reached XP level 1. HP: 10/10 MP: 4/4
   113 | D:1      | Reached XP level 2. HP: 14/15 MP: 1/6
   604 | D:1      | Reached XP level 3. HP: 9/19 MP: 0/7
  1248 | D:1      | Found a faded altar of an unknown god.
  1255 | D:1      | Prayed at the altar of an unknown god.
  1255 | D:1      | Became a worshipper of Xom of Chaos
  1413 | D:2      | Noticed Terence
  1422 | D:2      | XOM: potion effect (haste)
  1428 | D:2      | XOM: potion effect (brilliance)
  1433 | D:2      | Learned a level 2 spell: Static Discharge
  1436 | D:2      | Killed Terence
  1437 | D:2      | Reached skill level 5 in Air Magic
  1437 | D:2      | Reached XP level 4. HP: 17/24 MP: 3/9
  1629 | D:2      | XOM: smoke on damage
  1833 | D:2      | Reached skill level 1 in Maces & Flails
  1916 | D:2      | XOM: noise
  2035 | D:2      | Noticed a scorpion
  2036 | D:2      | XOM: silly message
  2041 | D:2      | XOM: potion effect (invisibility)
  2056 | D:2      | Gained mutation: You are partially covered in large bone
                  | plates. (SH +4) [potion of mutation]
  2056 | D:2      | Gained mutation: You are frail. (-10% HP) [potion of
                  | mutation]
  2056 | D:2      | Gained mutation: You expend magic power (3 MP) to
                  | strengthen your wands. [potion of mutation]
  2057 | D:2      | HP: 1/21 [poisoned by a scorpion]
  2057 | D:2      | Slain by a scorpion

Illustrated notes

Levels and vault maps discovered:
D:1:      ncdulo_watergridlock, layout_rooms,
          shapermc_ecumenical_altar_hornbeckon
D:2:      layout_basic, uniq_terence, uniq_jessica

Skill      XL: |  1  2  3  4 |
---------------+-------------+-----
Conjurations   | 2 |  2.4
Air Magic      | 5 |  5.1
Maces & Flails | 1 |  1.1
Dodging        | |  2.5
Stealth        | |  2.0
Spellcasting   | |  2.9

Action                   |  1- 3 |  4- 6 || total
-------------------------+-------+-------++-------
Melee: Mace              |    18 |    14 ||    32
       Kick              |     3 |     1 ||     4
       Unarmed           |     1 |       ||     1
       Peck              |     3 |     2 ||     5
 Cast: Shock             |    57 |    29 ||    86
       Static Discharge  |     2 |       ||     2
  Use: Potion            |       |     2 ||     2
 Stab: Sleeping          |     1 |       ||     1
       Invisible         |       |     1 ||     1
Armor: Robe              |     4 |     2 ||     6
Dodge: Dodged            |    21 |    17 ||    38

Table legend: (Time is in decaauts)
 A = Elapsed time spent in this place.
 B = Non-inter-level travel time spent in this place.
 C = Inter-level travel time spent in this place.
 D = Time resting spent in this place.
 E = Time spent auto-exploring this place.
 F = Levels seen in this place.
 G = Mean time per level.
                   A        B        C        D        E       F      G
               +--------+--------+--------+--------+--------+-----+--------+
         Total |   2047 |   2002 |     45 |      0 |   1716 |   2 | 1023.5 |
       Dungeon |   2047 |   2002 |     45 |      0 |   1716 |   2 | 1023.5 |
               +--------+--------+--------+--------+--------+-----+--------+

Top non-repeatable levels by time:
     D:1: 1308 daAuts
     D:2: 738 daAuts
